 Dungeon Crawl Stone Soup version 0.30.1-4-g462c640d31 (webtiles) character file.

Game seed: 12585356056858188409

112942 safid the Gelid (level 16, -1/133 HPs)
             Began as a Merfolk Ice Elementalist on Aug 22, 2023.
             Was a High Priest of Vehumet.
             Slain by a merfolk impaler
             ... wielding a +1 trident of flaming
              (3 damage)
             ... on level 3 of the Shoals on Aug 23, 2023.
             The game lasted 01:09:15 (29985 turns).

safid the Gelid (Merfolk Ice Elementalist)         Turns: 29985, Time: 01:09:16

Health: -1/133     AC: 14    Str: 10    XL:     16   Next: 61%
Magic:  10/28      EV:  9    Int: 25    God:    Vehumet [*****.]
Gold:   1142       SH:  0    Dex: 15    Spells: 5/31 levels left

rFire   + . .        w - +8 trishula "Condemnation" {holy, anguish, *Noise Fly rN+}
rCold   + + .        U - +1 kite shield {reflect}
rNeg    + . .        S - +2 robe {rC+ rF+}
rPois   +            l - +2 helmet
rElec   .            B - +2 cloak {Will+}
rCorr   .            X - +2 pair of gloves
SInv    .            z - +0 pair of boots
Will    ++...        Q - amulet "Rytruut" {RegenMP Int+5}
Stlth   ++           o - ring of poison resistance
HPRegen 0.42/turn    C - ring of protection from cold
MPRegen 0.61/turn

%: reflection
@: flying, very slightly contaminated, held
A: (nimble swimmer 2), mertail
a: Renounce Religion


You were on level 3 of the Shoals.
You worshipped Vehumet.
Vehumet was extremely pleased with you.
You visited 5 branches of the dungeon, and saw 26 of its levels.

You collected 2734 gold pieces.
You spent 1592 gold pieces at shops.

Inventory:

Hand Weapons
 w - the +8 trishula "Condemnation" (weapon) {holy, anguish, *Noise Fly rN+}
   (You found it on level 5 of the Dungeon)

   rN:        It protects you from negative energy.
   Fly:       It grants you flight.
   *Noise:    It may make noises in combat.
Missiles
 p - 7 throwing nets
 H - 8 curare-tipped darts
Armour
 l - a +2 helmet (worn)
 z - a +0 pair of boots (worn)
 B - a +2 cloak of willpower (worn)
 S - a +2 robe of resistance (worn)
 U - a +1 kite shield of reflection (worn)
 X - a +2 pair of gloves (worn)
Jewellery
 a - a ring of positive energy
 o - a ring of poison resistance (left hand)
 x - a ring of wizardry
 C - a ring of protection from cold (right hand)
 L - a ring of protection from fire
 N - a ring of resist corrosion
 Q - the amulet "Rytruut" (around neck) {RegenMP Int+5}
   (You took it off a gnoll on level 10 of the Dungeon)

   [amulet of magic regeneration]

   It increases your rate of magic regeneration.
   Int:       It affects your intelligence (+5).
Wands
 t - a wand of flame (22)
 v - a wand of iceblast (8)
 y - a wand of paralysis (6)
 M - a wand of polymorph (6)
 P - a wand of acid (3)
 R - a wand of digging (5)
 T - a wand of mindburst (8)
Scrolls
 g - 2 scrolls of summoning
 m - 21 scrolls of teleportation
 n - 5 scrolls of fear
 q - 5 scrolls of amnesia
 s - 4 scrolls of magic mapping
 A - 3 scrolls of fog
 D - 2 scrolls of enchant weapon {unknown}
 G - 2 scrolls of brand weapon {unknown}
 K - a scroll of silence {unknown}
 V - a scroll of blinking {unknown}
Potions
 b - a potion of magic
 c - 8 potions of curing
 d - 6 potions of flight
 e - 9 potions of lignification
 f - 5 potions of mutation
 h - 6 potions of brilliance
 i - 4 potions of ambrosia
 j - 5 potions of haste
 k - 3 potions of berserk rage
 u - a potion of resistance
 J - 2 potions of cancellation {unknown}
 O - 3 potions of heal wounds
 Y - 2 potions of might
Miscellaneous
 r - a phantom mirror


   Skills:
 + Level 14.0 Fighting
 - Level 14.0 Polearms
 + Level 14.7 Dodging
 - Level 2.1 Stealth
 - Level 14.0 Shields
 - Level 8.0 Spellcasting
 + Level 4.0 Translocations
 + Level 7.2 Transmutations
 + Level 17.5 Ice Magic
 + Level 2.1 Evocations


You had 5 spell levels left.
You knew the following spells:

 Your Spells              Type           Power      Damage    Failure   Level
a - Irradiate             Conj/Tmut      14%        3d16      22%         5
b - Frozen Ramparts       Ice            100%       1d16      1%          3
c - Ozocubu's Armour      Ice            78%        N/A       1%          3
d - Ozocubu's Refrigerat  Ice            39%        4d16      2%          7
e - Blink                 Tloc           60%        N/A       4%          2
f - Freeze                Ice            100%       1d10      0%          1
g - Freezing Cloud        Conj/Ice/Air   19%        6-21      10%         5

Your spell library contained the following spells:

 Spells                   Type           Power      Damage    Failure   Level
 Spellforged Servitor     Conj/Summ      5%         N/A       100%        7
 Beastly Appendage        Tmut           92%        N/A       1%          1
 Wereblood                Tmut           46%        N/A       1%          2
 Ice Form                 Ice/Tmut       64%        N/A       1%          4
 Apportation              Tloc           60%        N/A       2%          1
 Momentum Strike          Conj/Tloc      40%        3d9       2%          2
 Sting                    Tmut/Pois      100%       1d8       3%          1
 Summon Ice Beast         Ice/Summ       52%        N/A       3%          4
 Lesser Beckoning         Tloc           60%        N/A       4%          2
 Poisonous Vapours        Pois/Air       20%        N/A       5%          2
 Static Discharge         Conj/Air       20%        2-3/arc   5%          2
 Volatile Blastmotes      Fire/Tloc      40%        2d13      5%          3
 Spider Form              Tmut/Pois      28%        N/A       10%         3
 Dazzling Flash           Conj/Hex       20%        N/A       11%         3
 Metabolic Englaciation   Hex/Ice        26%        N/A       11%         5
 Necrotise                Necr           40%        1d6       14%         1
 Slow                     Hex            40%        N/A       14%         1
 Summon Small Mammal      Summ           40%        N/A       14%         1
 Iskenderun's Mystic Bla  Conj/Tloc      20%        2d6       16%         4
 Vhi's Electric Charge    Tloc/Air       40%        N/A       19%         3
 Blade Hands              Tmut           23%        N/A       19%         5
 Cigotuvi's Dreadful Rot  Necr/Pois/Air  20%        N/A       21%         2
 Petrify                  Tmut/Erth      28%        N/A       30%         4
 Airstrike                Air            5%         2d(1-17)  32%         4
 Olgreb's Toxic Radiance  Pois           10%        N/A       32%         4
 Confusing Touch          Hex            10%        N/A       38%         3
 Vampiric Draining        Necr           10%        2d6       38%         3
 Alistair's Intoxication  Tmut/Pois      18%        N/A       65%         5
 Arcjolt                  Conj/Air       5%         1d15      65%         5
 Summon Lightning Spire   Summ/Air       10%        N/A       80%         4
 Borgnjor's Vile Clutch   Necr/Erth      5%         N/A       98%         5
 Eringya's Noxious Bog    Tmut/Pois      14%        N/A       71%         6
 Conjure Ball Lightning   Conj/Air       5%         3x3d6     99%         6
 Starburst                Conj/Fire      5%         6d4       99%         6
 Statue Form              Tmut/Erth      18%        N/A       99%         6
 Dragon Form              Tmut           23%        N/A       99%         7
 Borgnjor's Revivificati  Necr           5%         N/A       100%        8
 Discord                  Hex            5%         N/A       100%        8
 Disjunction              Tloc           15%        N/A       100%        8
 Maxwell's Capacitive Co  Air            5%         ∞         100%        8
 Necromutation            Tmut/Necr      14%        N/A       100%        8
 Death's Door             Necr           5%         N/A       100%        9


Dungeon Overview and Level Annotations

Branches:
Dungeon (15/15)            Temple (1/1) D:4            Lair (5/5) D:8
 Shoals (3/4) Lair:2        Snake (0/4) Lair:2        Slime (0/5) Lair:4
    Orc (2/2) D:9             Elf (0/3) Orc:2        Vaults (0/5) D:13
 Depths (0/4) D:15

Altars:
Ashenzari
Cheibriados
Dithmenos
Elyvilon
Fedhas
Gozag
Hepliaklqana
Kikubaaqudgha
Makhleb
Nemelex Xobeh
Okawaru
Qazlal
Ru
Sif Muna
Trog
Uskayaw
Vehumet
Wu Jian
Xom
Yredelemnul
Zin
The Shining One
Jiyva

Shops:
D:9 !   Orc:2 ?[[:   Shoals:1 *

Annotations:
D:2 1 runed translucent door, Crazy Yiuf
D:7 1 runed translucent door, spardeous's ghost, novice DgCj
D:11 1 transporter
Lair:3 1 runed translucent door, Peisim's ghost, journeyman GnBr
Lair:4 exclusion: oklob plant
Orc:2 3 runed translucent doors, Diggabert's ghost, journeyman DECj


Innate Abilities, Weirdness & Mutations

((You are very nimble when in or above water. (Stealth+, EV+, Speed+++)))
Your lower body shifts to a powerful aquatic tail in water.


Message History

Casting: Ozocubu's Refrigeration (dangerous; 2% risk of failure)
Confirm with . or Enter, or press ? or * to list all spells.
The heat is drained from your surroundings.
The merfolk impaler is heavily wounded.
The merfolk is moderately wounded. x3
The merfolk hits you from afar with a +0 trident.
The merfolk closely misses you.
The merfolk hits you from afar with a +0 halberd!
The merfolk hits you from afar with a +0 trident!!
The merfolk hits you but does no damage.
Unknown command.
Unknown command.
Unknown command.
Unknown command.
Unknown command.
Unknown command.
Unknown command.
Unknown command.
Unknown command.
Unknown command.
Unknown command.
Casting: Ozocubu's Refrigeration (dangerous; 2% risk of failure)
Confirm with . or Enter, or press ? or * to list all spells.
The heat is drained from your surroundings.
The merfolk impaler is almost dead.
The merfolk is severely wounded.
The merfolk is almost dead.
The merfolk is moderately wounded.
The merfolk impaler barely misses you.
The merfolk hits you from afar with a +0 trident!
The merfolk hits you from afar with a +0 halberd! x2
* * * LOW HITPOINT WARNING * * *
The merfolk impaler hits you from afar with a +1 trident of flaming!
* * * LOW HITPOINT WARNING * * *
The merfolk impaler burns you.
* * * LOW HITPOINT WARNING * * *
The merfolk impaler hits you from afar with a +1 trident of flaming!
* * * LOW HITPOINT WARNING * * *
The merfolk impaler burns you.
You die...

.. .~~ <~.#
~~~.# ~~~..#
~~~~.m#####
≈~~~~m.#..##
~~~~~m.@..>#
~~~~~m~...<#
~~~~~~~~~..#
≈~~~~~~~~~.#
≈≈~~~~~~~~..#
≈≈~~~~~~~~~~~~
≈≈~~~~~~~~~~~~~
≈≈≈~~~~≈≈≈~~~~.
≈≈≈≈≈≈≈≈≈~~


You could see a merfolk impaler and 3 merfolk.

Vanquished Creatures
  Frances (D:14)
  A frost giant (D:15)
  A caustic shrike zombie (D:15)
  An orc warlord (Orc:1)
  Azrael (D:15)
  A merfolk javelineer (Shoals:2)
  A merfolk impaler (Shoals:1)
  Snorg (Lair:3)
  Josephine (Lair:3)
  5 hydras
  6 vault guards (D:13)
  A death knight (D:15)
  6 centaur warriors
  8 death yaks
  4 boulder beetles
  A tengu warrior (D:15)
  4 orc high priests (Orc:2)
  A satyr (Shoals:2)
  Sonja (Orc:1)
  Nergalle (Lair:3)
  Amaemon (Lair:2)
  2 skysharks
  A swamp dragon (Lair:5)
  2 skeletal warriors (D:15)
  4 sea snakes
  A tengu zombie (D:15)
  A lindwurm (Lair:5)
  Pikel (D:9)
  A wizard (D:15)
  3 harpies (Shoals:2)
  A phantasmal warrior (D:15)
  6 deep elf pyromancers
  A necromancer (D:15)
  8 ugly things
  5 manticores
  6 orc knights
  5 orc sorcerers
  A tengu skeleton (D:15)
  A wolf spider (D:15)
  6 cyclopes
  8 fauns
  2 merfolk sirens
  4 black mambas
  A fire giant skeleton (D:15)
  2 elephants (Lair:5)
  A water nymph (Shoals:2)
  An orange demon (Lair:2)
  A gargoyle (D:12)
  13 cane toads
  A torpor snail (Lair:2)
  2 efreet
  3 kobold demonologists (D:13)
  9 komodo dragons
  7 rime drakes
  8 trolls
  5 merfolk
  A hornet (D:10)
  2 wind drakes
  9 polar bears
  12 blink frogs
  30 yaks
  Sigmund (D:3)
  4 slime creatures
  3 snapping turtles
  A centaur simulacrum (D:14)
  10 basilisks
  4 wraiths (Lair:3)
  2 wyverns (Lair:3)
  5 fire elementals (D:15)
  A steam dragon (D:8)
  8 vampire mosquitoes
  11 wargs
  3 nagas (Lair:2)
  13 water moccasins
  2 acid dragons (Lair:5)
  Duvessa (D:6)
  16 hell hounds
  13 black bears
  32 orc warriors
  4 ice beasts
  4 ogres
  14 wolves
  11 centaurs
  6 kobold brigands
  9 bullfrogs
  A gnoll sergeant (D:10)
  A scorpion (D:5)
  12 wights (D:8)
  Dowan (D:6)
  18 killer bees
  4 electric eels (D:6)
  2 howler monkeys
  3 vampire bats (D:4)
  4 hounds
  19 orc priests
  2 sleepcaps (D:6)
  Terence (D:2)
  10 iguanas
  32 orc wizards
  Robin (D:3)
  7 adders
  23 gnolls
  A white imp (D:7)
  2 ufetubi
  2 worms
  6 dart slugs
  71 orcs
  3 bats
  2 bat skeletons (D:4)
  4 bat zombies (D:4)
  6 endoplasms
  4 giant cockroaches
  13 goblins
  14 hobgoblins
  15 jackals
  2 quokkas
  8 ball pythons
  3 frilled lizards
  63 kobolds
  6 rats
770 creatures vanquished.

Vanquished Creatures (others)
  A fire dragon (Lair:5)
  2 vault guards (D:13)
  A two-headed ogre (D:9)
  Urug (Lair:3)
  A death yak (Lair:1)
  A deep elf knight (D:15)
  A sea snake (Shoals:1)
  A deep elf pyromancer (D:15)
  A cyclops (D:14)
  An orc sorcerer (Orc:2)
  A wolf spider (D:15)
  A manticore (Shoals:1)
  An elephant (Lair:5)
  An unseen horror (D:12)
  A rime drake (Lair:5)
  2 komodo dragons
  3 polar bears
  A blink frog (Lair:5)
  A wyvern (D:7)
  A yak (Lair:1)
  A warg (D:9)
  2 hell hounds (Lair:5)
  A sky beast (D:7)
  A wolf (Lair:5)
  A kobold brigand (D:6)
  2 killer bees
  An orc priest (Orc:2)
  An iguana (D:6)
  An orc wizard (Orc:2)
  2 gnolls
  A white imp (D:6)
  An orc (D:5)
39 creatures vanquished.

Grand Total: 809 creatures vanquished

Notes
Turn   | Place    | Note
-------+----------+-------------------------------------------
     0 | D:1      | safid the Merfolk Ice Elementalist began the quest for the
                  | Orb.
     0 | D:1      | Reached XP level 1. HP: 13/13 MP: 3/3
   145 | D:1      | Reached XP level 2. HP: 13/20 MP: 0/5
   251 | D:1      | Reached skill level 1 in Fighting
   448 | D:1      | Reached XP level 3. HP: 25/26 MP: 6/6
  1069 | D:2      | Reached skill level 5 in Ice Magic
  1069 | D:2      | Reached XP level 4. HP: 32/33 MP: 8/8
  1077 | D:2      | Noticed Terence
  1086 | D:2      | Killed Terence
  1277 | D:2      | Found a runed translucent door.
  1278 | D:2      | Noticed Crazy Yiuf
  1540 | D:2      | Found a faded altar of an unknown god.
  1710 | D:3      | Noticed Robin
  1733 | D:2      | Learned a level 3 spell: Frozen Ramparts
  1737 | D:2      | Learned a level 3 spell: Ozocubu's Armour
  1820 | D:3      | Reached XP level 5. HP: 37/39 MP: 2/9
  1847 | D:3      | Killed Robin
  2329 | D:3      | Found a bloodstained altar of Trog.
  2562 | D:3      | Noticed Sigmund
  2573 | D:3      | Killed Sigmund
  2574 | D:3      | Reached skill level 6 in Ice Magic
  2574 | D:3      | Reached XP level 6. HP: 19/48 MP: 3/11
  2997 | D:4      | Found a shimmering blue altar of Sif Muna.
  3142 | D:4      | Found a staircase to the Ecumenical Temple.
  3188 | Temple   | Entered the Ecumenical Temple
  3238 | Temple   | Became a worshipper of Vehumet
  3431 | D:4      | Found a sacrificial altar of Ru.
  3791 | D:4      | Found a burning altar of Makhleb.
  3792 | D:4      | Found a white marble altar of Elyvilon.
  4003 | D:4      | Found an ancient bone altar of Kikubaaqudgha.
  4013 | D:4      | Reached XP level 7. HP: 50/54 MP: 6/13
  4176 | D:5      | Entered Level 5 of the Dungeon
  4357 | D:5      | Reached skill level 5 in Fighting
  4564 | D:5      | HP: 1/56 [ice beast (6)]
  4574 | D:5      | Reached skill level 7 in Ice Magic
  4797 | D:5      | Reached skill level 5 in Spellcasting
  4797 | D:5      | Reached XP level 8. HP: 40/62 MP: 9/15
  4925 | D:5      | Found the +8 trishula "Condemnation" {holy, anguish, *Noise
                  | Fly rN+}
  5048 | D:5      | Reached skill level 1 in Polearms
  5382 | D:6      | Reached * piety under Vehumet
  5382 | D:6      | Offered knowledge of Kiss of Death by Vehumet.
  6085 | D:6      | Offered knowledge of Sandblast by Vehumet.
  6089 | D:6      | Reached ** piety under Vehumet
  6093 | D:6      | Reached XP level 9. HP: 67/69 MP: 13/17
  6272 | D:6      | Noticed Duvessa
  6273 | D:6      | Noticed Dowan
  6286 | D:6      | Killed Duvessa
  6287 | D:6      | Reached skill level 5 in Dodging
  6287 | D:6      | Reached skill level 8 in Ice Magic
  6302 | D:6      | Killed Dowan
  6383 | D:6      | Found an ornate altar of the Wu Jian Council.
  6548 | D:6      | Found an opulent altar of Gozag.
  7207 | D:6      | Identified the ring of Jurokuot {Fire Str+4 Int+3 Slay+3}
  7357 | D:6      | Offered knowledge of Hailstorm by Vehumet.
  7440 | D:6      | Reached *** piety under Vehumet
  7600 | D:7      | Reached skill level 5 in Polearms
  7728 | D:7      | Identified the +11 spear of Triumph {freeze, +Blink rF+
                  | Dex+3}
  7965 | D:7      | Noticed a troll
  7985 | D:7      | Killed a troll
  7985 | D:7      | Offered knowledge of Inner Flame by Vehumet.
  7986 | D:7      | Reached skill level 1 in Shields
  7986 | D:7      | Reached XP level 10. HP: 60/79 MP: 13/20
  8017 | D:7      | Reached skill level 9 in Ice Magic
  8214 | D:7      | Found a runed translucent door.
  8233 | D:7      | Noticed spardeous's ghost (novice DgCj)
  8581 | D:7      | Identified the +0 trident of Oriot {heavy, Will+}
  9154 | D:8      | Noticed a red ugly thing
  9161 | D:8      | Killed a red ugly thing
  9309 | D:8      | Identified the +3 war axe of Evisceration {flame, *Noise
                  | rC+++ rCorr Dex-3}
  9485 | D:8      | Found a staircase to the Lair.
  9573 | D:8      | Reached **** piety under Vehumet
  9644 | D:8      | Offered knowledge of Mephitic Cloud by Vehumet.
 10360 | D:9      | Reached XP level 11. HP: 83/87 MP: 15/22
 10446 | D:9      | Reached skill level 5 in Shields
 10509 | D:9      | Found a staircase to the Orcish Mines.
 10752 | D:9      | Noticed Pikel
 10760 | D:9      | Killed Pikel
 10761 | D:9      | Reached skill level 10 in Ice Magic
 10821 | D:9      | Found Aleloel's Distillery.
 10827 | D:9      | Bought a potion of haste for 140 gold pieces
 10827 | D:9      | Bought a potion of heal wounds for 70 gold pieces
 11063 | D:10     | Entered Level 10 of the Dungeon
 11364 | D:10     | Identified the amulet "Rytruut" {RegenMP Int+5}
 12219 | D:9      | Noticed a two-headed ogre
 12224 | D:9      | Killed a two-headed ogre
 12321 | Lair:1   | Entered Level 1 of the Lair of Beasts
 12594 | Lair:1   | Noticed a death yak
 12619 | Lair:1   | Killed a death yak
 12775 | Lair:1   | Reached ***** piety under Vehumet
 12777 | Lair:1   | Offered knowledge of Sticky Flame by Vehumet.
 13004 | Lair:1   | Noticed a death yak
 13004 | Lair:1   | Noticed a death yak
 13004 | Lair:1   | Noticed a death yak
 13006 | Lair:1   | Noticed a death yak
 13031 | Lair:1   | Killed a death yak
 13032 | Lair:1   | Reached skill level 10 in Dodging
 13066 | Lair:1   | Killed a death yak
 13067 | Lair:1   | Reached XP level 12. HP: 83/97 MP: 20/24
 13080 | Lair:1   | Killed a death yak
 13080 | Lair:1   | Killed a death yak
 13081 | Lair:1   | Reached skill level 10 in Fighting
 13081 | Lair:1   | Reached skill level 11 in Ice Magic
 13489 | Lair:2   | Found an opulent altar of Gozag.
 13510 | Lair:2   | Noticed a death yak
 13527 | Lair:2   | Killed a death yak
 13528 | Lair:2   | Reached skill level 10 in Polearms
 13675 | Lair:2   | Found a staircase to the Shoals.
 13746 | Lair:2   | Noticed Amaemon
 13759 | Lair:2   | Killed Amaemon
 13776 | Lair:2   | Found a staircase to the Snake Pit.
 13826 | Lair:2   | Noticed a death yak
 13826 | Lair:2   | Noticed a death yak
 13826 | Lair:2   | Noticed a death yak
 13964 | Lair:2   | Killed a death yak
 14042 | Lair:2   | Noticed a death yak
 14042 | Lair:2   | Noticed a death yak
 14078 | Lair:2   | Killed a death yak
 14094 | Lair:2   | Killed a death yak
 14613 | Lair:3   | Reached XP level 13. HP: 98/106 MP: 23/25
 14616 | Lair:3   | Reached skill level 12 in Ice Magic
 14762 | Lair:3   | Offered knowledge of Iron Shot by Vehumet.
 14857 | Lair:3   | Noticed Nergalle
 14869 | Lair:3   | Killed Nergalle
 14940 | Lair:3   | Identified the +11 long sword "Juap" {freeze, +Blink rElec
                  | Will++ Int-4}
 15017 | Lair:3   | Noticed Josephine
 15028 | Lair:3   | Noticed Snorg
 15030 | Lair:3   | Killed Josephine
 15047 | Lair:3   | Killed Snorg
 15310 | Lair:3   | Noticed Urug
 15322 | Lair:3   | Killed Urug
 15494 | Lair:3   | Found a runed translucent door.
 15494 | Lair:3   | Noticed Peisim's ghost (journeyman GnBr)
 15542 | Lair:4   | Reached skill level 13 in Ice Magic
 15623 | Lair:4   | Identified the +7 spear of the Hero {drain, *Slow rF+ rC+
                  | Dex+2}
 15901 | Lair:4   | Found a staircase to the Slime Pits.
 15902 | Lair:4   | Found a viscous altar of Jiyva.
 16644 | Lair:5   | Entered Level 5 of the Lair of Beasts
 16747 | Lair:5   | Reached skill level 14 in Ice Magic
 16919 | Lair:5   | Reached XP level 14. HP: 95/115 MP: 21/26
 17494 | Lair:5   | Reached skill level 15 in Ice Magic
 17655 | Lair:5   | Offered knowledge of Ozocubu's Refrigeration by Vehumet.
 17666 | Lair:5   | Learned a level 7 spell: Ozocubu's Refrigeration
 18059 | Lair:5   | Identified the +1 plate armour "Qialue" {rF+}
 18105 | Lair:5   | Reached skill level 16 in Ice Magic
 19125 | Orc:1    | Entered Level 1 of the Orcish Mines
 19125 | Orc:1    | Found a bloodstained altar of Trog.
 19331 | Orc:2    | Entered Level 2 of the Orcish Mines
 19408 | Orc:2    | Found a staircase to the Elven Halls.
 19449 | Orc:2    | Found a runed translucent gate.
 19450 | Orc:2    | Found a runed translucent gate.
 19451 | Orc:2    | Found a runed translucent gate.
 19824 | Orc:2    | Offered knowledge of Orb of Destruction by Vehumet.
 19903 | Orc:2    | Noticed Diggabert's ghost (journeyman DECj)
 20198 | Orc:1    | Noticed an orc warlord
 20684 | Orc:2    | Found Zenod's Book Shop.
 20684 | Orc:2    | Found Ugyez's Magic Scroll Shop.
 20685 | Orc:2    | Found Kuliy's Antique Armour Shoppe.
 20685 | Orc:2    | Found Ses Wicw's Antique Armour Shoppe.
 20705 | Orc:2    | Bought a scroll of identify for 24 gold pieces
 20705 | Orc:2    | Bought a scroll of fog for 48 gold pieces
 20905 | Orc:2    | Bought a book of Transfigurations for 680 gold pieces
 20911 | Orc:2    | Learned a level 5 spell: Irradiate
 21085 | Orc:2    | Bought a glowing cloak for 307 gold pieces
 21090 | Orc:2    | Bought a glowing kite shield for 307 gold pieces
 21234 | Orc:1    | Killed an orc warlord
 21235 | Orc:1    | Reached skill level 10 in Shields
 21235 | Orc:1    | Reached skill level 1 in Transmutations
 21235 | Orc:1    | Reached XP level 15. HP: 35/122 MP: 14/27
 21595 | Orc:1    | Noticed Sonja
 21598 | Orc:1    | Killed Sonja
 22906 | D:11     | Found a transporter.
 23323 | D:12     | Offered knowledge of Freezing Cloud by Vehumet.
 23469 | D:12     | Learned a level 2 spell: Blink
 23473 | D:12     | You are sucked into a shaft and drop 3 floors!
 23473 | D:15     | Entered Level 15 of the Dungeon
 23477 | D:15     | Identified the +0 scale mail of Daisies {rElec rF- rCorr}
 23484 | D:15     | Found a staircase to the Depths.
 23806 | D:15     | Reached skill level 1 in Translocations
 23845 | D:15     | Noticed Azrael
 23856 | D:15     | Killed Azrael
 23979 | D:15     | Identified the +8 mace of safid's Evisceration {freeze,
                  | rElec rF- Dex+9 Stlth-}
 24810 | D:13     | Reached skill level 17 in Ice Magic
 24838 | D:13     | Reached skill level 5 in Transmutations
 24905 | D:13     | Learned a level 5 spell: Freezing Cloud
 24991 | D:13     | Found a gate to the Vaults.
 25442 | D:13     | Offered knowledge of Spellforged Servitor by Vehumet.
 25665 | D:14     | Reached XP level 16. HP: 111/131 MP: 28/28
 26173 | D:14     | Noticed Frances
 26185 | D:14     | Killed Frances
 26602 | D:14     | Found a shimmering blue altar of Sif Muna.
 27294 | D:15     | Got Enog's Elucidation of the Serac and Toxicants
 27806 | Shoals:1 | Entered Level 1 of the Shoals
 27806 | Shoals:1 | Found Votoili's General Store.
 27838 | Shoals:1 | Bought a scroll of noise for 16 gold pieces
 28460 | Shoals:1 | Reached skill level 1 in Evocations
 29985 | Shoals:3 | HP: 2/133 [merfolk impaler/+1 trident of flaming (16)]
 29985 | Shoals:3 | Slain by a merfolk impaler

Illustrated notes

Levels and vault maps discovered:
D:1:      psy_arrival_whirlpool, layout_loops_ring, minmay_misc_feat_alley,
          chequers_garden
D:2:      wander_river, layout_rooms, shapermc_ecumenical_altar_hornbeckon,
          uniq_terence, uniq_crazy_yiuf_cottage
D:3:      layout_loops_ring, mainiacjoe_overflow_alcove_2, minmay_misc_feat_x,
          uniq_sigmund, uniq_robin
D:4:      layout_loops_corners, old_standard_altar, kennysheep_vampire_church,
          mainiacjoe_overflow_boulevard, minitemple,
          minmay_temple_entry_purple_smoke
D:5:      layout_cave_pools
D:6:      minmay_goblin_kobold_castle, layout_basic,
          mainiacjoe_overflow_brackets, lemuel_round_altar,
          kennysheep_generic_room_5, uniq_duvessa
D:7:      layout_layer_cave, ebering_ghost_reflecting_pool, minmay_manual_mail
D:8:      layout_cave_pods, hellmonk_lair_entry_icy, minmay_small_thing
D:9:      layout_loops_ring, david_orc_3, serial_shops, kennysheep_mini,
          dreamdust_princess_bridge, uniq_pikel
D:10:     layout_grid_maze, nrook_pool_corridor
D:11:     layout_basic, nicolae_diode_basic
D:12:     layout_roguey [special_room_orc]
D:13:     layout_roguey, erik_vaults_2, nrook_uturn
D:14:     layout_layer_cave, led_sif_book, uniq_frances
D:15:     gammafunk_depths_entry_grave, layout_rooms, grunt_ministairs_6,
          serial_bayou_pond_d, kennysheep_crisscross, minmay_shattered_shrine,
          uniq_azrael
Temple:   zaba_magenta_temple
Lair:1:   layout_regular_city
Lair:2:   layout_gridlike, elwin_shoals_entry_rocks,
          minmay_snake_entry_guardpost_small, basic_altar, uniq_amaemon
Lair:3:   layout_cave_shapes, gammafunk_ghost_grave, grunt_megastairs_3,
          uniq_nergalle, uniq_josephine, uniq_urug, uniq_snorg
Lair:4:   layout_layer_cave, slime_entry_1
Lair:5:   guppyfry_lair_end_dragon, layout_misc_corridors,
          hangedman_lair_caniforms_friends, grunt_megastairs_4
Shoals:1: layout_shoals, serial_shops, nicolae_shop_tiny_glass
Shoals:2: layout_shoals
Shoals:3: layout_shoals, uniq_louise
Orc:1:    layout_caves, basic_altar, rock_pile, uniq_sonja
Orc:2:    st_orc_elflike, layout_caves, basic_altar, gammafunk_ghost_necromancy

Skill      XL: |  1  2  3  4  5  6  7  8  9 10 11 12 13 14 15 16 |
---------------+-------------------------------------------------+-----
Fighting       | 1 2 3 4 5 6 7 8 9 11 12 13 14 | 14.0
Ice Magic      | 5 6 7 8 9 10 11 14 16 17 | 17.5
Spellcasting   | 3 4 5 6 7 8 |  8.0
Dodging        | 4 6 8 10 11 12 13 14 | 14.7
Polearms       | 3 5 7 9 11 14 | 14.0
Shields        | 1 4 6 8 10 13 14 | 14.0
Transmutations | 1 5 7 |  7.2
Translocations | 2 4 |  4.0
Evocations     | 2 |  2.1
Stealth        | |  2.1

Action                     |  1- 3 |  4- 6 |  7- 9 | 10-12 | 13-15 | 16-18 || total
---------------------------+-------+-------+-------+-------+-------+-------++-------
  Melee: Unarmed           |    25 |       |       |       |       |       ||    25
         Dagger            |    48 |       |       |       |       |       ||    48
         Short sword       |     1 |       |       |       |       |       ||     1
         Whip              |    19 |   158 |   105 |       |       |       ||   282
         Trishula          |       |       |   177 |   339 |   853 |   212 ||  1581
   Cast: Freeze            |    27 |    28 |    15 |       |       |       ||    70
         Ozocubu's Armour  |       |     8 |    27 |    47 |    83 |     9 ||   174
         Frozen Ramparts   |       |     7 |    36 |    48 |    92 |    12 ||   195
         Ozocubu's Refrige |       |       |       |       |    38 |    40 ||    78
  Evoke: Wand              |       |       |     5 |       |       |       ||     5
    Use: Potion            |       |       |     3 |       |     4 |     1 ||     8
         Scroll            |       |       |     7 |     3 |     8 |     2 ||    20
   Stab: Sleeping          |     2 |     7 |     1 |     1 |     1 |       ||    12
         Distracted        |       |       |     1 |       |       |       ||     1
 Armour: Robe              |    33 |    77 |   106 |    79 |   180 |    41 ||   516
  Dodge: Dodged            |    57 |   154 |   234 |   160 |   394 |    81 ||  1080
  Block: Buckler           |       |       |     3 |    59 |    90 |       ||   152
         Kite shield       |       |       |       |       |   192 |    92 ||   284
         Reflection        |       |       |       |       |    17 |    18 ||    35
